 Dungeon Crawl Stone Soup version 0.26-a0-672-g1df16c3386 (webtiles) character file.

Game seed: 13497055168616329689

29 somkeydreadnuts the Firebug (level 3, -1/19 HPs)
             Began as a Deep Elf Fire Elementalist on Oct 19, 2020.
             Succumbed to an adder's poison
             ... on level 2 of the Dungeon.
             The game lasted 00:06:51 (1615 turns).

somkeydreadnuts the Firebug (DEFE)                  Turns: 1615, Time: 00:06:52

Health: -1/19      AC:  2    Str:  5    XL:     3   Next: 1%
Magic:  4/9        EV: 13    Int: 20    God:
Gold:   110        SH:  0    Dex: 15    Spells: 7/8 levels left

rFire    . . .     SeeInvis +   q - +0 war axe
rCold    . . .     Faith    .   (no shield)
rNeg     . . .     Spirit   .   a - +0 robe
rPois    .         Reflect  .   (no helmet)
rElec    .         Harm     .   (no cloak)
rCorr    .         Rampage  .   (no gloves)
MR       .....                  (no boots)
Stlth    ++........             (no amulet)
HPRegen  0.06/turn              p - ring of see invisible
MPRegen  0.11/turn              (no ring)

@: lethally poisoned (-1 -> -16)
A: no striking features
a: no special abilities


You were on level 2 of the Dungeon.
You visited 1 branch of the dungeon, and saw 2 of its levels.

You collected 110 gold pieces.

Inventory:

Hand Weapons
 q - a +0 war axe (weapon)
Missiles
 k - 21 stones (quivered)
Armour
 a - a +0 robe (worn)
 m - a +0 leather armour
Jewellery
 p - a ring of see invisible (left hand)
Scrolls
 b - a scroll of magic mapping {unknown}
 c - 3 scrolls of fear {unknown}
 d - a scroll of fog {unknown}
 e - a scroll of random uselessness {unknown}
 g - a scroll of enchant weapon {unknown}
 n - a scroll of noise {unknown}
 o - 2 scrolls of immolation {unknown}
 r - a scroll of blinking {unknown}
 s - a scroll of identify {unknown}
Potions
 f - a potion of curing {unknown}
 h - a potion of mutation {unknown}
 i - a potion of heal wounds {unknown}
 j - 2 potions of lignification {unknown}
 l - a potion of stabbing {unknown}


   Skills:
 - Level 2.6 Dodging
 - Level 2.5 Stealth
 - Level 0.1 Unarmed Combat
 + Level 3.2 Spellcasting
 * Level 1.7 Conjurations
 + Level 4.0 Fire Magic


You had 7 spell levels left.
You knew the following spells:

 Your Spells              Type           Power        Failure   Level
a - Foxfire               Conj/Fire      ##..         4%          1

Your spell library contained the following spells:

 Spells                   Type           Power        Failure   Level
 Magic Dart               Conj           ##..         7%          1
 Conjure Flame            Conj/Fire      ##......     13%         3
 Inner Flame              Hex/Fire       ##......     19%         3
 Blink                    Tloc           N/A          22%         2
 Call Imp                 Summ           #.......     22%         2
 Slow                     Hex            #.......     22%         2
 Mephitic Cloud           Conj/Pois/Air  #.......     32%         3
 Sticky Flame             Conj/Fire      ##......     38%         4
 Fireball                 Conj/Fire      ##........   75%         5


Dungeon Overview and Level Annotations

Branches:
Dungeon (2/15)

Altars:
Fedhas


Message History

You conjure some foxfire!
* * * LOW HITPOINT WARNING * * *
You feel sick. The adder closely misses you.
You closely miss the adder.
The adder is severely wounded.
* * * LOW HITPOINT WARNING * * *
You feel sick.
The foxfire hits the adder.
The adder is severely wounded.
The adder bites you.
* * * LOW HITPOINT WARNING * * *
You are more poisoned.
The adder poisons you! The adder misses you.
Casting: Foxfire (safe; 4% risk of failure)
Confirm with . or Enter, or press ? or * to list all spells.
You conjure some foxfire!
* * * LOW HITPOINT WARNING * * *
You feel sick. The adder misses you.
You miss the adder.
The adder is severely wounded.
You die...

#.#
#....>...
#.#
#.#######
#.# #.# #
#.# #.# #
#.# #.# #
#.# #.# #
#.# ##.# #
####.#
#..# #
#@v..#
#.## ##
#S#### #.#
#. #.# #.#
#. #.# #.#
#. #.# #.#
#. #$.
#.#######.
##.
#.........
.
#########.
.# ##.


You could see an adder.

Vanquished Creatures
  A worm (D:2)
  A dart slug (D:1)
  A leopard gecko (D:1)
  3 giant cockroaches
  A goblin (D:2)
  4 hobgoblins
  4 bats
  4 frilled lizards
  3 kobolds (D:1)
  A rat (D:2)
23 creatures vanquished.

Vanquished Creatures (collateral kills)
  A foxfire (D:2)
1 creature vanquished.

Vanquished Creatures (others)
  59 foxfires
  A plant (D:2)
60 creatures vanquished.

Grand Total: 84 creatures vanquished

Notes
Turn   | Place    | Note
-------+----------+-------------------------------------------
     0 | D:1      | somkeydreadnuts the Deep Elf Fire Elementalist began the
                  | quest for the Orb.
     0 | D:1      | Reached XP level 1. HP: 10/10 MP: 6/6
   207 | D:1      | Reached XP level 2. HP: 13/15 MP: 1/8
  1372 | D:2      | Found a blossoming altar of Fedhas.
  1412 | D:2      | Reached skill level 4 in Fire Magic
  1563 | D:2      | Reached XP level 3. HP: 19/19 MP: 7/9
  1615 | D:2      | Succumbed to an adder's poison

Illustrated notes

Levels and vault maps discovered:
D:1:      dpeg_arrival_shelter, layout_basic, minivault_14
D:2:      layout_loops_ring, fedhas_altar_3

Skill      XL: |  1  2 |
---------------+-------+-----
Fire Magic     | 4 |  4.0
Dodging        | |  2.6
Stealth        | |  2.5
Unarmed Combat | |  0.1
Spellcasting   | |  3.2
Conjurations   | |  1.7

Action                   || total
-------------------------++-------
Melee: Unarmed           ||    33
       War axe           ||     7
 Cast: Foxfire           ||    43
Armor: Robe              ||    10
Dodge: Dodged            ||    40

Table legend: (Time is in decaauts)
 A = Elapsed time spent in this place.
 B = Non-inter-level travel time spent in this place.
 C = Inter-level travel time spent in this place.
 D = Time resting spent in this place.
 E = Time spent auto-exploring this place.
 F = Levels seen in this place.
 G = Mean time per level.
                   A        B        C        D        E       F      G
               +--------+--------+--------+--------+--------+-----+--------+
         Total |   1618 |   1618 |      0 |      0 |   1176 |   2 |  809.0 |
       Dungeon |   1618 |   1618 |      0 |      0 |   1176 |   2 |  809.0 |
               +--------+--------+--------+--------+--------+-----+--------+

Top non-repeatable levels by time:
     D:1: 1008 daAuts
     D:2: 609 daAuts
